 Dungeon Crawl Stone Soup version 0.21.1-1-g345015f (webtiles) character file.

471 saavykatvs the Ruffian (level 6, -6/47 HPs)
             Began as a Demonspawn Berserker on Mar 20, 2018.
             Was a Believer of Trog.
             Killed by divine providence
             ... invoked by an orc priest
              (16 damage)
             ... on level 4 of the Dungeon.
             The game lasted 00:20:53 (3069 turns).

saavykatvs the Ruffian (Demonspawn Berserker)       Turns: 3069, Time: 00:20:54

Health: -6/47      AC:  6    Str: 18    XL:     6   Next: 83%
Magic:  6/6        EV: 19    Int:  8    God:    Trog [**....]
Gold:   99         SH:  0    Dex: 19    Spells: 5/5 levels left

rFire    . . .     SeeInvis .     - Unarmed
rCold    + . .     Gourm    .   (no shield)
rNeg     . . .     Faith    .   o - +3 leather armour
rPois    .         Spirit   .   (helmet restricted)
rElec    .         Reflect  .   (no cloak)
rCorr    .         Harm     .   (no gloves)
MR       .....                  (no boots)
Stlth    ++++......             (no amulet)
HPRegen  0.15/turn              g - ring of stealth
MPRegen  0.10/turn              l - ring of protection from cold

@: agile
A: horns 2, powered by death 2, powered by pain 1
a: Berserk, Trog's Hand, Burn Spellbooks, Renounce Religion


You were on level 4 of the Dungeon.
You worshipped Trog.
Trog was pleased with you.
You were not hungry.

You visited 1 branch of the dungeon, and saw 4 of its levels.

You collected 99 gold pieces.

Inventory:

Missiles
 a - 113 stones (quivered)
 f - 39 sling bullets
Armour
 o - a +3 leather armour (worn)
Jewellery
 g - a ring of stealth (left hand)
 l - a ring of protection from cold (right hand)
Wands
 n - a wand of iceblast (8)
 r - a wand of digging (10)
 s - a wand of flame (17)
Scrolls
 e - a scroll of fear {unknown}
 h - 2 scrolls of remove curse {unknown}
 j - a scroll of identify {unknown}
 k - a scroll of enchant armour {unknown}
 q - a scroll of amnesia {unknown}
Potions
 d - a potion of haste {unknown}
 i - a potion of heal wounds {unknown}
 m - 4 potions of mutation {unknown}
 p - 2 potions of agility {unknown}
 t - a potion of curing {unknown}
Comestibles
 b - 5 rations


   Skills:
 + Level 3.0 Fighting
 * Level 3.2 Armour
 * Level 3.5 Dodging
 * Level 3.2 Stealth
 + Level 4.6 Unarmed Combat


You had 5 spell levels left.
You didn't know any spells.

Dungeon Overview and Level Annotations

Branches:
Dungeon (4/15)
 Temple: D:4-7

Altars:
Vehumet

Shops:
D:4 [

Annotations:
D:4 1 transporter, Dowan; Duvessa; rawrhax's ghost, amateur MiBe


Innate Abilities, Weirdness & Mutations

You have a pair of horns on your head.
You regenerate health from kills.
You sometimes gain a little power by taking damage.


Message History

The orc priest is almost dead.
You closely miss the orc priest.
The orc priest is almost dead.
The orc priest hits you with a hand axe.
You closely miss the orc priest.
The orc priest is almost dead.
The orc priest misses you.
You closely miss the orc priest.
The orc priest is almost dead.
The orc priest calls down the wrath of Beogh upon you.
Beogh smites you!
* * * LOW HITPOINT WARNING * * *
The orc wizard gestures wildly while chanting.
The orc wizard flickers and vanishes!
Deactivating autopickup; reactivate with Ctrl-A.
Things that are here:
a short sword; a dark potion The orc priest mumbles some strange prayers to Beogh against you.
Beogh smites you!
You die...

# #.# #.....# #.#
#.# #.....####'####
#.# #.....##.......
## #.#
#............. .#
#.# #.....##.....
.# #.# #..........#
.# #.#
#..........######.#
#.#
.............oo)@.#
#.#
######......####..#
#.# # #...####..#
#..# #.# # #...
#..# #..# #.# #
#... #..# #... #.#
# #... #..# #...#
#.# # #o.. #...
≈≈≈.# #.# #.o.
##.## ≈≈≈≈# #.#
#.o. .. #.#


You could see an orc priest and an orc.

Vanquished Creatures
  A phantom (D:4)
  A scorpion (D:4)
  2 electric eels (D:4)
  A crimson imp (D:4)
  An orc priest (D:3)
  An orc wizard (D:3)
  Ijyb (D:3)
  A worker ant (D:4)
  5 adders
  An ooze (D:2)
  2 worms
  A dart slug (D:1)
  2 leopard geckos (D:1)
  6 orcs
  2 giant cockroaches (D:1)
  5 goblins
  8 hobgoblins
  2 jackals (D:2)
  A quokka (D:2)
  12 bats
  2 frilled lizards
  9 kobolds
  7 rats
74 creatures vanquished.

Notes
Turn   | Place    | Note
-------+----------+-------------------------------------------
     0 | D:1      | saavykatvs the Demonspawn Berserker began the quest for the Orb.
     0 | D:1      | Reached XP level 1. HP: 18/18 MP: 1/1
   231 | D:1      | Gained mutation: You regenerate a little health from kills. [demonic ancestry]
   231 | D:1      | Reached XP level 2. HP: 14/24 MP: 2/2
   382 | D:1      | Reached skill level 3 in Unarmed Combat
   658 | D:1      | Reached skill level 1 in Stealth
   712 | D:1      | Gained mutation: You have a pair of small horns on your head. [demonic ancestry]
   712 | D:1      | Reached XP level 3. HP: 11/29 MP: 3/3
  1419 | D:2      | Reached ** piety under Trog
  1468 | D:2      | Gained mutation: You regenerate health from kills. [demonic ancestry]
  1468 | D:2      | Reached XP level 4. HP: 20/35 MP: 4/4
  1992 | D:3      | Gained mutation: You sometimes gain a little power by taking damage. [demonic ancestry]
  1992 | D:3      | Reached XP level 5. HP: 37/41 MP: 5/5
  2036 | D:3      | Noticed Ijyb
  2066 | D:3      | Killed Ijyb
  2530 | D:4      | Found a radiant altar of Vehumet.
  2547 | D:4      | Found Wurie's Armour Boutique.
  2570 | D:4      | Reached skill level 4 in Unarmed Combat
  2586 | D:4      | Noticed a phantom
  2603 | D:4      | Gained mutation: You have a pair of horns on your head. [demonic ancestry]
  2603 | D:4      | Reached XP level 6. HP: 37/47 MP: 6/6
  2616 | D:4      | Found a transporter.
  2681 | D:4      | Found a transporter.
  2685 | D:4      | Noticed rawrhax's ghost (amateur MiBe)
  2688 | D:4      | Noticed Duvessa
  2692 | D:4      | Noticed Dowan
  3069 | D:4      | Killed from afar by an orc priest

Skill      XL: |  1  2  3  4  5  6 |
---------------+-------------------+-----
Dodging        | 2 3 |  3.5
Armour         | 2 3 |  3.2
Unarmed Combat | 3 4 |  4.6
Stealth        | 1 2 3 |  3.2
Fighting       | |  3.0

Action                   |  1- 3 |  4- 6 || total
-------------------------+-------+-------++-------
Melee: Unarmed           |   145 |   156 ||   301
       Punch             |     3 |     1 ||     4
       Headbutt          |     8 |    27 ||    35
Evoke: Wand              |       |     5 ||     5
  Use: Scroll            |       |     3 ||     3
 Stab: Sleeping          |     1 |     7 ||     8
  Eat: Ration            |     1 |     1 ||     2
Armor: Animal skin       |    15 |       ||    15
       Leather armour    |    38 |    17 ||    55
Dodge: Dodged            |   113 |    62 ||   175
